 Dungeon Crawl Stone Soup version 0.30-a0-723-gc1506a1cf0 (webtiles) character file.

Game seed: 4597240580577650291

6765 browni3141 the Geomancer (level 11, -12/78 HPs)
             Began as a Human Earth Elementalist on Jan 29, 2023.
             Was a Priest of Kikubaaqudgha.
             Mangled by a wyvern (13 damage)
             ... on level 9 of the Dungeon.
             The game lasted 00:33:12 (10622 turns).

browni3141 the Geomancer (HuEE)                    Turns: 10622, Time: 00:33:13

Health: -12/78     AC:  5    Str:  8    XL:     11   Next: 24%
Magic:  11/19      EV: 11    Int: 20    God:    Kikubaaqudgha [***...]
Gold:   171        SH:  0    Dex: 14    Spells: 3/20 levels left

rFire   . . .      SeeInvis +    B - +2 dagger (venom)
rCold   + . .      Faith    .    (no shield)
rNeg    . . .      Spirit   .    J - +0 troll leather armour
rPois   .          Reflect  .    (no helmet)
rElec   .          Harm     .    K - +0 cloak
rCorr   .          Rampage  .    H - +0 pair of gloves
Will    .....                    l - +2 pair of boots
Stlth   +++                      I - amulet of magic regeneration
HPRegen 1.13/turn                j - ring of see invisible
MPRegen 0.56/turn                w - ring of protection from cold

@: corroded, studying Shields
A: no striking features
a: Renounce Religion, Unearth Wretches


You were on level 9 of the Dungeon.
You worshipped Kikubaaqudgha.
Kikubaaqudgha was most pleased with you.
You visited 2 branches of the dungeon, and saw 10 of its levels.
You also visited: Ossuary.

You collected 591 gold pieces.
You spent 420 gold pieces at shops.

Inventory:

Hand Weapons
 h - a +0 short sword
 z - a +0 rapier
 B - a +2 dagger of venom (weapon)
 M - a +4 dagger of freezing
Missiles
 y - 5 poisoned darts
Armour
 a - a +0 robe
 l - a +2 pair of boots (worn)
 G - +0 acid dragon scales
 H - a +0 pair of gloves (worn)
 J - a +0 troll leather armour (worn)
 K - a +0 cloak (worn)
Jewellery
 j - a ring of see invisible (left hand)
 w - a ring of protection from cold (right hand)
 F - an amulet of reflection
 I - an amulet of magic regeneration (around neck)
Wands
 e - a wand of roots (5)
 k - a wand of acid (8)
 t - a wand of digging (8)
 D - a wand of charming (4)
Scrolls
 c - 2 scrolls of amnesia
 d - a scroll of immolation
 f - 2 scrolls of enchant armour
 g - 2 scrolls of teleportation
 i - a scroll of silence
 m - 2 scrolls of fear {unknown}
 o - 2 scrolls of poison
 q - a scroll of acquirement {unknown}
 u - a scroll of vulnerability {unknown}
 A - 4 scrolls of magic mapping {unknown}
 E - a scroll of brand weapon {unknown}
 L - a scroll of identify
 N - a scroll of fog
Potions
 b - a potion of magic
 n - 3 potions of curing
 p - 5 potions of heal wounds
 r - 2 potions of mutation {unknown}
 s - 3 potions of berserk rage
 v - 3 potions of attraction
 x - a potion of flight
 C - 3 potions of lignification {unknown}


   Skills:
 * Level 4.3 Fighting
 - Level 2.0 Short Blades
 - Level 2.0 Dodging
 + Level 5.9 Stealth
 + Level 5.4 Spellcasting
 - Level 2.0 Conjurations
 - Level 6.0 Necromancy
 - Level 4.0 Transmutations
 * Level 11.4 Earth Magic
 + Level 2.6 Evocations


You had 3 spell levels left.
You knew the following spells:

 Your Spells              Type           Power      Damage    Failure   Level
a - Sandblast             Erth           100%       2d20      1%          1
b - Passwall              Tmut/Erth      30%        N/A       1%          2
c - Stone Arrow           Conj/Erth      64%        3d11      3%          3
d - Petrify               Tmut/Erth      36%        N/A       7%          4
e - Cigotuvi's Dreadful   Necr/Pois/Air  26%        N/A       11%         2
f - Borgnjor's Vile Clut  Necr/Erth      20%        N/A       12%         5

Your spell library contained the following spells:

 Spells                   Type           Power      Damage    Failure   Level
 Necrotise                Necr           100%       1d9       1%          1
 Sublimation of Blood     Necr           29%        N/A       1%          2
 Kiss of Death            Conj/Necr      84%        2d11      3%          1
 Magic Dart               Conj           52%        1d5       7%          1
 Summon Small Mammal      Summ           20%        N/A       16%         1
 Call Imp                 Summ           5%         N/A       24%         2
 Mephitic Cloud           Conj/Pois/Air  8%         N/A       36%         3
 Call Canine Familiar     Summ           5%         N/A       43%         3
 Gell's Gravitas          Tloc           5%         N/A       43%         3
 Summon Guardian Golem    Hex/Summ       5%         N/A       43%         3
 Teleport Other           Tloc           5%         N/A       43%         3
 Animate Dead             Necr           29%        N/A       14%         4
 Dispel Undead            Necr           29%        3d13      14%         4
 Anguish                  Hex/Necr       8%         N/A       43%         4
 Death Channel            Necr           14%        N/A       91%         6
 Dispersal                Tloc           2%         N/A       100%        6
 Simulacrum               Ice/Necr       8%         N/A       100%        6


Dungeon Overview and Level Annotations

Branches:
Dungeon (9/15)             Temple (1/1) D:4         Ossuary (visited)
   Lair: D:8-11         Orc: D:9-12

Altars:
Ashenzari
Cheibriados
Dithmenos
Elyvilon
Fedhas
Gozag
Hepliaklqana
Kikubaaqudgha
Makhleb
Nemelex Xobeh
Okawaru
Qazlal
Ru
Sif Muna
Trog
Uskayaw
Vehumet
Wu Jian
Xom
Yredelemnul
Zin
The Shining One

Shops:
D:3 =   D:9 *

Annotations:
D:8 2 transporters, Crabhammer's ghost, novice BaIE
D:9 exclusion: two-headed ogre


Message History

The wyvern is severely wounded.
The wyvern bites you but does no damage.
The wyvern closely misses you.
The helpless wyvern fails to defend itself.
You impale the wyvern!!
You kill the wyvern!
Kikubaaqudgha accepts your kill.
You are no longer corroded.
The wyvern barely misses you.
You closely miss the wyvern. The wyvern bites you.
You hit the wyvern but do no damage.
The wyvern is poisoned.
The wyvern bites you but does no damage.
The wyvern bites you!
You hit the wyvern.
The wyvern is moderately wounded.
The wyvern bites you.
You hit the wyvern.
The wyvern looks even sicker.
The wyvern is moderately wounded.
The wyvern closely misses you.
You closely miss the wyvern.
The wyvern is moderately wounded.
The wyvern bites you but does no damage.
The wyvern barely misses you.
You hit the wyvern.
The wyvern looks as sick as possible!
The wyvern is heavily wounded.
The wyvern barely misses you.
You hit the wyvern but do no damage.
The wyvern looks as sick as possible!
The wyvern is severely wounded.
The wyvern bites you! The wyvern closely misses you.
You closely miss the wyvern.
The wyvern is almost dead.
The acid dragon is no longer petrified.
The wyvern bites you. The wyvern attacks as you move away!
The wyvern bites you! The acid dragon spits acid at you.
The splash of acid hits you!!
* * * LOW HITPOINT WARNING * * *
The acid corrodes you! The wyvern attacks as you move away!
The wyvern bites you!
You die...
Kikubaaqudgha rasps: "You have failed me!
Welcome... death!"

#..##....# .#
#..##.#8## ..
#..##.### #####
#######..##.#### #....
.........##<.<.##... .
#######.########..#$$#
#...# #..D..$#
###.###.†'..$#
#.....@l##..#$?#
#.#.###..##.... #.#.#
#...##..h. # #.#
#....##### #.#
#^......# # #.#
#.......# #####.#.#
#.......#
......#.######.####
#...........#


You could see a wyvern (extremely poisoned) and an acid dragon (catching
breath).

Vanquished Creatures
  Pikel (D:7)
  Joseph (D:7)
  Maggie (D:7)
  A troll (D:9)
  Prince Ribbit (D:9)
  4 yaks
  3 wyverns (D:9)
  A steam dragon (D:7)
  A water moccasin (D:5)
  Edmund (D:5)
  An orc warrior (D:7)
  2 ice beasts
  A black bear (D:4)
  4 sky beasts
  A centaur (D:5)
  A lemure (D:7)
  A phantom (D:3)
  5 elf zombies (Ossuary)
  A kobold brigand (D:5)
  5 bullfrogs
  2 necrophages
  A scorpion (D:4)
  17 wights
  6 killer bees (D:8)
  A howler monkey (D:9)
  A centaur zombie (Ossuary)
  A human zombie (Ossuary)
  A jelly (D:6)
  3 orc priests
  4 hounds
  Ijyb (D:3)
  5 iguanas
  3 orc wizards
  2 mummies (Ossuary)
  11 gnolls
  13 adders
  3 shadow imps
  3 white imps
  2 ufetubi
  An adder zombie (Ossuary)
  25 orcs
  13 endoplasms
  5 giant cockroaches
  9 goblins
  9 hobgoblins
  11 jackals
  9 kobolds
  3 quokkas
  5 ball pythons
  5 bats
  A frilled lizard (D:1)
  13 hobgoblin zombies (Ossuary)
  10 kobold zombies (Ossuary)
  4 orc zombies (Ossuary)
  2 rats (D:1)
  A rat zombie (Ossuary)
243 creatures vanquished.

Vanquished Creatures (others)
  4 toadstools (D:1)
4 creatures vanquished.

Grand Total: 247 creatures vanquished

Notes
Turn   | Place    | Note
-------+----------+-------------------------------------------
     0 | D:1      | browni3141 the Human Earth Elementalist began the quest for
                  | the Orb.
     0 | D:1      | Reached XP level 1. HP: 13/13 MP: 3/3
    98 | D:1      | Reached skill level 1 in Fighting
   117 | D:1      | Reached XP level 2. HP: 21/21 MP: 3/5
   258 | D:1      | Learned a level 2 spell: Passwall
   580 | D:1      | Reached XP level 3. HP: 27/27 MP: 3/6
   780 | D:1      | Learned a level 3 spell: Stone Arrow
  1101 | D:2      | Reached XP level 4. HP: 23/33 MP: 1/8
  1224 | D:2      | Reached skill level 4 in Earth Magic
  1228 | D:2      | Reached XP level 5. HP: 35/38 MP: 4/9
  1513 | D:2      | Found a broken altar of Ashenzari.
  1897 | D:3      | Reached skill level 1 in Conjurations
  2060 | D:3      | Reached XP level 6. HP: 43/44 MP: 4/11
  2261 | D:3      | Found Qazum's Jewellery Shoppe.
  2366 | D:3      | Noticed Ijyb
  2372 | D:3      | Killed Ijyb
  2719 | D:4      | Noticed a black bear
  2722 | D:4      | Killed a black bear
  2723 | D:4      | Reached skill level 5 in Earth Magic
  2732 | D:3      | Reached XP level 7. HP: 42/52 MP: 3/13
  2737 | D:3      | Learned a level 4 spell: Petrify
  3109 | D:4      | Found a staircase to the Ecumenical Temple.
  3126 | Temple   | Entered the Ecumenical Temple
  3281 | Temple   | Became a worshipper of Kikubaaqudgha
  3677 | D:5      | Entered Level 5 of the Dungeon
  3677 | D:5      | Noticed a water moccasin
  3714 | D:5      | Found an iron altar of Okawaru.
  3877 | D:5      | Reached XP level 8. HP: 58/58 MP: 10/14
  3927 | D:5      | Noticed Edmund
  4564 | D:5      | Reached skill level 1 in Short Blades
  4587 | D:5      | Reached * piety under Kikubaaqudgha
  4587 | D:5      | Received a gift from Kikubaaqudgha
  4679 | D:5      | Noticed a yak
  4794 | D:4      | Killed a yak
  4795 | D:4      | Reached skill level 5 in Spellcasting
  4875 | D:5      | Reached skill level 6 in Earth Magic
  5175 | D:5      | Killed Edmund
  5591 | D:5      | Reached skill level 5 in Stealth
  5591 | D:5      | Reached XP level 9. HP: 59/63 MP: 10/16
  5727 | D:6      | Found a sand-covered staircase.
  5732 | Ossuary  | Entered an ossuary
  5958 | Ossuary  | Reached ** piety under Kikubaaqudgha
  6005 | Ossuary  | Reached skill level 7 in Earth Magic
  6393 | D:6      | Reached skill level 8 in Earth Magic
  6832 | D:6      | Reached skill level 9 in Earth Magic
  7173 | D:7      | Noticed Maggie
  7268 | D:7      | Noticed Joseph
  7277 | D:7      | Killed Joseph
  7278 | D:7      | Reached skill level 10 in Earth Magic
  7278 | D:7      | Reached XP level 10. HP: 9/70 MP: 4/17
  8149 | D:3      | Bought an amulet of magic regeneration for 390 gold pieces
  8299 | D:7      | Reached skill level 11 in Earth Magic
  8308 | D:7      | Learned a level 2 spell: Cigotuvi's Dreadful Rot
  8378 | D:7      | Reached *** piety under Kikubaaqudgha
  8378 | D:7      | Received a gift from Kikubaaqudgha
  8471 | D:7      | Reached skill level 1 in Evocations
  8530 | D:7      | Noticed Pikel
  8554 | D:7      | Killed Pikel
  8555 | D:7      | Reached skill level 1 in Necromancy
  8668 | D:7      | Found a sacrificial altar of Ru.
  8671 | D:7      | Found a glowing golden altar of the Shining One.
  8685 | D:7      | Found a burning altar of Makhleb.
  8685 | D:7      | You fall into a shaft and drop 2 floors!
  8685 | D:9      | Found a sparkling altar of Nemelex Xobeh.
  8685 | D:9      | Found a radiant altar of Vehumet.
  8685 | D:9      | Found a glowing silver altar of Zin.
  8685 | D:9      | Found a shimmering blue altar of Sif Muna.
  8685 | D:9      | Found a hazy altar of Hepliaklqana.
  8716 | D:9      | Noticed Prince Ribbit
  8726 | D:9      | Killed Prince Ribbit
  9107 | D:9      | Found Midis's General Store.
  9142 | D:9      | Learned a level 5 spell: Borgnjor's Vile Clutch
  9143 | D:9      | Bought a scroll of identify for 30 gold pieces
  9300 | D:7      | Found a shadowy altar of Dithmenos.
  9368 | D:7      | Killed Maggie
  9653 | D:8      | Found a transporter.
  9891 | D:8      | Noticed Crabhammer's ghost (novice BaIE)
  9900 | D:8      | Found a transporter.
  9948 | D:8      | Reached XP level 11. HP: 77/77 MP: 16/18
 10203 | D:8      | Reached skill level 5 in Necromancy
 10501 | D:9      | Noticed a two-headed ogre
 10621 | D:9      | HP: 1/78 [acid dragon/splash of acid (25)]
 10622 | D:9      | Mangled by a wyvern

Illustrated notes

Levels and vault maps discovered:
D:1:      ldierk_walled_garden_2, layout_basic
D:2:      layout_rooms, basic_altar, grunt_ministairs_10
D:3:      layout_rooms, serial_aquarium, aquarium_bridge_square
          [aquarium_subvault_bridge, aquarium_subvault_bridge,
          aquarium_subvault_bridge, aquarium_subvault_wall],
          aquarium_bridge_square [aquarium_subvault_balcony,
          aquarium_subvault_bridge, aquarium_subvault_wall,
          aquarium_subvault_wall], aquarium_window_1, aquarium_window_fake,
          aquarium_window_2, aquarium_view_2b, aquarium_pool_2, serial_shops,
          nicolae_shop_statue_plus, uniq_ijyb
D:4:      layout_rooms, minmay_temple_entry_sparse_star
D:5:      layout_loops_corners, mainiacjoe_overflow_cross_hatched,
          hangedman_decor_growths, minmay_manual_mail, uniq_edmund
D:6:      layout_rooms, enter_ossuary_5, serial_glass, glass_columns_a,
          glass_columns_c, item_on_display_a, minmay_strange_pillars,
          st_stairs_13, hangedman_abyss_or_decor_slice
D:7:      layout_loops_corners, grunt_temple_overflow_cloverleaf, uniq_joseph,
          uniq_pikel, uniq_maggie
D:8:      layout_basic, gammafunk_ghost_stat_death
D:9:      minmay_polygon_palace, layout_loops_ring, grunt_temple_overflow_open,
          serial_shops, nicolae_stop_n_shop_2, uniq_prince_ribbit1
Temple:   hellmonk_temple_flake

Skill      XL: |  1  2  3  4  5  6  7  8  9 10 11 |
---------------+----------------------------------+-----
Fighting       | 1 2 3 4 |  4.3
Spellcasting   | 3 4 5 |  5.4
Earth Magic    | 4 5 6 10 11 | 11.4
Conjurations   | 1 2 |  2.0
Transmutations | 2 4 |  4.0
Short Blades   | 2 |  2.0
Stealth        | 5 |  5.9
Evocations     | 2 |  2.6
Necromancy     | 3 6 |  6.0
Dodging        | |  2.0

Action                     |  1- 3 |  4- 6 |  7- 9 | 10-12 || total
---------------------------+-------+-------+-------+-------++-------
  Melee: Unarmed           |    18 |       |       |       ||    18
         Short sword       |     6 |     4 |    26 |       ||    36
         Dagger            |       |       |    22 |   104 ||   126
         Punch             |       |       |       |     2 ||     2
   Cast: Sandblast         |    46 |    76 |   222 |    68 ||   412
         Stone Arrow       |       |     2 |     9 |     6 ||    17
         Petrify           |       |       |    11 |    28 ||    39
         Passwall          |       |       |     3 |       ||     3
         Cigotuvi's Dreadf |       |       |       |     1 ||     1
  Evoke: Wand              |       |       |     3 |       ||     3
    Use: Scroll            |       |       |    10 |     3 ||    13
   Stab: Petrified         |       |       |    25 |    33 ||    58
         Sleeping          |       |       |     1 |     2 ||     3
         Petrifying        |       |       |       |    11 ||    11
 Armour: Robe              |    10 |     8 |    54 |     5 ||    77
         Troll leather arm |       |       |       |    11 ||    11
  Dodge: Dodged            |    33 |    27 |    94 |    50 ||   204
  Block: Other             |       |       |       |     3 ||     3

Table legend: (Time is in decaauts)
 A = Elapsed time spent in this place.
 B = Non-inter-level travel time spent in this place.
 C = Inter-level travel time spent in this place.
 D = Time resting spent in this place.
 E = Time spent auto-exploring this place.
 F = Levels seen in this place.
 G = Mean time per level.
                   A        B        C        D        E       F      G
               +--------+--------+--------+--------+--------+-----+--------+
         Total |  10832 |  10168 |    664 |    782 |   7114 |  11 |  984.7 |
       Dungeon |   9995 |   9340 |    655 |    782 |   6656 |   9 | 1110.6 |
        Temple |    165 |    156 |      9 |      0 |    127 |   1 |  165.0 |
       Ossuary |    670 |    670 |      0 |      0 |    331 |   1 |  670.0 |
               +--------+--------+--------+--------+--------+-----+--------+

Top non-repeatable levels by time:
     D:5: 1896 daAuts
     D:7: 1717 daAuts
     D:3: 1169 daAuts
     D:1: 988 daAuts
     D:6: 922 daAuts
     D:4: 913 daAuts
     D:2: 882 daAuts
     D:8: 880 daAuts
 Ossuary: 670 daAuts
     D:9: 624 daAuts
  Temple: 165 daAuts
